 Dungeon Crawl Stone Soup version 0.31-a0-489-g282fc92437 (webtiles) character file.

Game seed: 13666555242756528383

13 Ethylacetat the Sneak (level 2, -1/21 HPs)
             Began as an Octopode Delver on Aug 8, 2023.
             Slain by Sigmund
             ... wielding a +0 scythe
              (5 damage)
             ... on level 4 of the Dungeon.
             The game lasted 00:00:49 (149 turns).

Ethylacetat the Sneak (Octopode Delver)              Turns: 149, Time: 00:00:50

Health: -1/21      AC:  1    Str: 11    XL:     2   Next: 37%
Magic:  2/2        EV: 13    Int: 12    God:
Gold:   20         SH:  0    Dex: 13    Spells: 1/1 levels left

rFire   . . .        a - +0 short sword
rCold   . . .        (no shield)
rNeg    . . .        (helmet restricted)
rPois   .            (no amulet)
rElec   .            (no ring)
rCorr   .            (no ring)
SInv    .            (no ring)
Will    .....        (no ring)
Stlth   ++++         (no ring)
HPRegen 0.23/turn    (no ring)
MPRegen 0.08/turn    (no ring)
                     (no ring)

%: no passive effects
@: no status effects
A: almost no armour, amphibious, 8 rings, camouflage 1, gelatinous body 1,
(nimble swimmer 1), tentacles
a: no special abilities


You were on level 4 of the Dungeon.
You visited 1 branch of the dungeon, and saw 2 of its levels.

You collected 20 gold pieces.

Inventory:

Hand Weapons
 a - a +0 short sword (weapon)
Wands
 f - a wand of digging (3)
Scrolls
 b - a scroll of fog
 c - a scroll of revelation
 d - a scroll of fear
Potions
 e - a potion of haste


   Skills:
 + Level 3.1 Fighting
 + Level 2.2 Short Blades
 + Level 2.2 Dodging
 + Level 6.8 Stealth


You had one spell level left.
You didn't know any spells.
Your spell library was empty.

Dungeon Overview and Level Annotations

Branches:
Dungeon (5/15)
 Temple: D:4-7

Altars:
Vehumet

Annotations:
D:4 Sigmund


Innate Abilities, Weirdness & Mutations

You cannot wear most types of armour.
You are amphibious.
You can wear up to eight rings at the same time.
Your skin changes colour to match your surroundings (Stealth+).
Your rubbery body absorbs attacks. (AC +1, EV +1)
((You are camouflaged when in or above water. (Stealth+)))
You have tentacles for arms and can constrict up to eight enemies at once.


Message History

You hit the adder.
You kill the adder!
You feel sick.
You have reached level 2!
You feel sick.
Things that are here:
a +0 club; a quokka corpse; a goblin corpse You feel sick.
You feel sick.
You are no longer poisoned.
A ball python comes into view.
Found a radiant altar of Vehumet.
A hobgoblin and a goblin come into view.
The hobgoblin is carrying a wand of flame.
You hear the slow rusting of a very distant drain.
The hobgoblin shouts!
You hear a shout!
Sigmund the Dreaded comes into view.
He is wielding a +0 scythe.
Sigmund whispers, "You'll know eternity soon."
Sigmund points at you and mumbles some strange words.
The magic dart hits you.
Sigmund casts a spell.
Sigmund flickers and vanishes!
Deactivating autopickup; reactivate with Ctrl-A.
You hit the hobgoblin but do no damage. You grab the hobgoblin.
You constrict the hobgoblin. The hobgoblin closely misses you.
You barely miss the hobgoblin. Your squeeze misses the hobgoblin.
The hobgoblin is lightly wounded.
You constrict the hobgoblin.
The hobgoblin zaps a wand.
The puff of flame hits you!
* * * LOW HITPOINT WARNING * * *
You hit the hobgoblin but do no damage.
The hobgoblin is moderately wounded.
You constrict the hobgoblin, but do no damage.
The hobgoblin hits you.
* * * LOW HITPOINT WARNING * * *
Unknown command.
You hit the hobgoblin but do no damage.
The hobgoblin is moderately wounded.
You constrict the hobgoblin. Something hits you.
You die...

#...............#
#...............#
#...............#
##...............#
.................#
.#..................
....................
...#.S...............
......g@.............
.#._.#..............
.......#.##########
...#...#.# ........#
#########


You could see a hobgoblin and a ball python.

Vanquished Creatures
  An adder (D:4)
  An endoplasm (D:4)
  A goblin (D:4)
  A quokka (D:4)
4 creatures vanquished.

Notes
Turn   | Place    | Note
-------+----------+-------------------------------------------
     0 | D:5      | Ethylacetat the Octopode Delver began the quest for the
                  | Orb.
     0 | D:5      | Reached XP level 1. HP: 16/16 MP: 1/1
   112 | D:4      | Reached XP level 2. HP: 16/21 MP: 2/2
   141 | D:4      | Found a radiant altar of Vehumet.
   143 | D:4      | Noticed Sigmund
   149 | D:4      | Slain by Sigmund

Illustrated notes

Levels and vault maps discovered:
D:4:      nicolae_cairo_tiling, layout_gridville, vehumet_altar_wand_db,
          nzn_hepliaklqana_mist_gate, portal_sewer_entry_e, uniq_menkaure,
          uniq_natasha, uniq_duvessa, uniq_sigmund
D:5:      layout_basic, nicolae_ashenzari_panopticon,
          chequers_serial_rivers_micro_a

Action                     || total
---------------------------++-------
  Melee: Short sword       ||    16
         Constrict         ||     3
         Tentacles         ||     2
 Armour: Skin              ||     1
  Dodge: Dodged            ||     8

Table legend: (Time is in decaauts)
 A = Elapsed time spent in this place.
 B = Non-inter-level travel time spent in this place.
 C = Inter-level travel time spent in this place.
 D = Time resting spent in this place.
 E = Time spent auto-exploring this place.
 F = Levels seen in this place.
 G = Mean time per level.
                   A        B        C        D        E       F      G
               +--------+--------+--------+--------+--------+-----+--------+
         Total |    146 |    146 |      0 |      0 |     79 |   2 |   73.0 |
       Dungeon |    146 |    146 |      0 |      0 |     79 |   2 |   73.0 |
               +--------+--------+--------+--------+--------+-----+--------+

Top non-repeatable levels by time:
     D:5: 91 daAuts
     D:4: 55 daAuts
